 Dungeon Crawl Stone Soup version 0.25-a0-713-g4845790 (webtiles) character file.

Game seed: 1721969341183638551, levelgen mode: deterministic

23 BlueFish the Magician (level 2, 0/20 HPs)
             Began as a Mummy Wizard on Apr 5, 2020.
             Slain by a hobgoblin
             ... wielding a +0 club
              (2 damage)
             ... on level 1 of the Dungeon.
             The game lasted 00:04:04 (1421 turns).

BlueFish the Magician (Mummy Wizard)                Turns: 1421, Time: 00:04:05

Health: 0/20       AC:  2    Str: 10    XL:     2   Next: 75%
Magic:  0/7        EV: 12    Int: 17    God:
Gold:   24         SH:  0    Dex: 10    Spells: 9/10 levels left

rFire    x . .     SeeInvis .   c - +0 hand axe
rCold    + . .     Gourm    .   (no shield)
rNeg     + + +     Faith    .   a - +0 robe
rPois    ∞         Spirit   .   b - +0 hat
rElec    .         Reflect  .   (no cloak)
rCorr    .         Harm     .   (no gloves)
MR       .....                  (no boots)
Stlth    ++........             (no amulet)
HPRegen  0.06/turn              (no ring)
MPRegen  0.10/turn              (no ring)

@: very slightly contaminated
A: no food or potions, fire vulnerability, cold resistance 1, negative energy
resistance 3, torment resistance, unbreathing
a: no special abilities


You were on level 1 of the Dungeon.
You were not hungry.

You visited 1 branch of the dungeon, and saw 2 of its levels.

You collected 24 gold pieces.

Inventory:

Hand Weapons
 c - a +0 hand axe (weapon)
Armour
 a - a +0 robe (worn)
 b - a +0 hat (worn)
Scrolls
 d - a scroll of remove curse
 g - a scroll of teleportation
 h - a scroll of magic mapping {unknown}


   Skills:
 * Level 0.5 Fighting
 * Level 1.8 Dodging
 * Level 1.8 Stealth
 + Level 0.2 Unarmed Combat
 * Level 4.5 Spellcasting
 + Level 1.0 Conjurations
   Level 0.7 Summonings
   Level 0.7 Translocations


You had 9 spell levels left.
You knew the following spells:

 Your Spells              Type           Power        Failure   Level  Hunger
a - Magic Dart            Conj           #...         10%         1    N/A

Your spell library contained the following spells:

 Spells                   Type           Power        Failure   Level  Hunger
 Blink                    Tloc           N/A          17%         2    N/A
 Call Imp                 Summ           #.......     17%         2    N/A
 Slow                     Hex            #.......     22%         2    N/A
 Conjure Flame            Conj/Fire      #.......     36%         3    N/A
 Mephitic Cloud           Conj/Pois/Air  #.......     36%         3    N/A

Dungeon Overview and Level Annotations

Branches:
Dungeon (2/15)

Altars:


Innate Abilities, Weirdness & Mutations

You do not eat or drink.
Your flesh is vulnerable to fire.
You are immune to poison.
Your flesh is cold resistant. (rC+)
You are immune to negative energy. (rN+++)
You are immune to unholy pain and torment.
You can survive without breathing.


Message History

The hobgoblin hits you with a +0 club.
Casting: Magic Dart (safe; 10% risk of failure)
Confirm with . or Enter, or press ? or * to list all spells.
Aiming: Magic Dart (safe; 10% risk of failure)
Press: ? - help, Shift-Dir - straight line, f/p - hobgoblin
Aim: a hobgoblin, wielding a +0 club (moderately wounded)
You miscast Magic Dart.
You are very lightly contaminated with residual magic.
The air around you crackles with energy!
The hobgoblin hits you with a +0 club.
* * * LOW HITPOINT WARNING * * *
Casting: Magic Dart (safe; 10% risk of failure)
Confirm with . or Enter, or press ? or * to list all spells.
Aiming: Magic Dart (safe; 10% risk of failure)
Press: ? - help, Shift-Dir - straight line, f/p - hobgoblin
Aim: a hobgoblin, wielding a +0 club (moderately wounded)
The magic dart hits the hobgoblin.
The hobgoblin is heavily wounded.
The hobgoblin hits you with a +0 club.
You die...

####### ######## #.!...#
###......# #.....#
###≈##......# #.....# ##≈≈≈
#......# #####..
#≈≈####......# #.#
###≈≈##@g......# #.#
##..≈≈≈#.#......# #.#
#..^≈≈≈..#.....(# #.#
###..≈≈≈..≈#......# #.#
#.....≈≈...#####..#######.#
#.%.≈.≈≈....# ##.#........
#.....≈≈.≈≈.# #.#.#####.#
#...≈≈.≈..≈.# #...# #.#
##.....≈≈....######..#####.#


You could see a hobgoblin.

Vanquished Creatures
  A leopard gecko (D:1)
  6 goblins
  5 hobgoblins (D:1)
  2 bats (D:1)
  A frilled lizard (D:1)
  A kobold (D:1)
  5 rats (D:1)
21 creatures vanquished.

Notes
Turn   | Place    | Note
-------+----------+-------------------------------------------
     0 | D:1      | BlueFish the Mummy Wizard began the quest for the Orb.
     0 | D:1      | Reached XP level 1. HP: 13/13 MP: 5/5
   377 | D:1      | Reached skill level 1 in Conjurations
   428 | D:1      | Reached XP level 2. HP: 19/19 MP: 0/7
  1421 | D:1      | Slain by a hobgoblin

Levels and vault maps discovered:
D:1:      minmay_arrival_stair_chambers, layout_basic, serial_bayou_pond_b,
          chequers_serial_rivers_small_3
D:2:      layout_basic

Skill      XL: |  1 |
---------------+----+-----
Conjurations   | 1 |  1.0
Fighting       | |  0.5
Dodging        | |  1.8
Stealth        | |  1.8
Unarmed Combat | |  0.2
Spellcasting   | |  4.5
Summonings     | |  0.7
Translocations | |  0.7

Action                   || total
-------------------------++-------
Melee: Unarmed           ||    14
       Hand axe          ||     8
 Cast: Magic Dart        ||    55
  Use: Scroll            ||     3
Armor: Robe              ||     6
Dodge: Dodged            ||    21

Table legend:
 A = Non-vault XP
 B = Vault XP
 C = Vault XP percentage of total XP
 D = Non-vault monster count
 E = Vault monster count
 F = Vault count percentage of total count
                 A         B        C        D         E       F
            +---------+---------+-------+---------+---------+-------
      Total |      30 |       4 |  11.8 |      18 |       3 |  14.3
            +---------+---------+-------+---------+---------+-------
        D:1 |      26 |       4 |  13.3 |      16 |       3 |  15.8
        D:2 |       4 |       0 |   0.0 |       2 |       0 |   0.0
            +---------+---------+-------+---------+---------+-------
